 Dungeon Crawl Stone Soup version 0.18-a0-1526-gcb34c7c (webtiles) character file.

1583 dvd the Firebug (level 8, -1/45 HPs)
             Began as a Tengu Fire Elementalist on Mar 8, 2016.
             Slain by dvd's ghost (2 damage)
             ... on level 6 of the Dungeon.
             The game lasted 00:19:05 (6591 turns).

dvd the Firebug (Tengu Fire Elementalist)           Turns: 6591, Time: 00:19:09

Health: -1/45      AC:  3    Str:  9    XL:     8   Next: 92%
Magic:  8/17       EV: 17    Int: 20    God:
Gold:   214        SH:  0    Dex: 14    Spells: 4 memorised, 6 levels left

rFire  . . .     SeeInvis .     C - +2 dire flail (holy)
rCold  . . .     Gourm    .     a - +0 robe
rNeg   . . .     Faith    .     (shield currently unavailable)
rPois  .         Spirit   .     (helmet restricted)
rElec  .         Dismiss  .     w - +0 cloak {MR+}
rCorr  .         Reflect  .     (no gloves)
SustAt .         Harm     .     (boots unavailable)
MR     ++...                    (no amulet)
Stlth  ++........               j - ring of protection from magic
                                e - +2 ring of intelligence

@: lethally poisoned (-1 -> -7), flying quickly and evasively, quick, very
resistant to hostile enchantments, unstealthy
A: beak, talons 3, able to fly 1
a: no special abilities


You were on level 6 of the Dungeon.
You were not hungry.

You visited 2 branches of the dungeon, and saw 7 of its levels.

You collected 214 gold pieces.

Inventory:

Hand Weapons
 r - a +4 quarterstaff of chaos
 x - a +2 mace of draining
 C - a +2 dire flail of holy wrath (weapon)
Armour
 a - a +0 robe (worn)
 w - a +0 cloak of magic resistance (worn)
Jewellery
 e - a +2 ring of intelligence (left hand)
 j - a ring of protection from magic (right hand)
 B - an uncursed ring of positive energy
Scrolls
 f - 2 scrolls of amnesia {unknown}
 i - 5 scrolls of remove curse {unknown}
 k - 3 scrolls of identify {unknown}
 m - a scroll of enchant armour {unknown}
 o - 3 scrolls of teleportation {unknown}
 s - 3 scrolls of fear {unknown}
 t - 2 scrolls of noise {unknown}
 y - a scroll of recharging {unknown}
 E - a scroll of immolation {unknown}
 F - a scroll of blinking {unknown}
Potions
 g - 4 potions of agility {unknown}
 h - 7 potions of flight
 l - a potion of magic {unknown}
 n - a potion of might {unknown}
 p - 5 potions of curing {unknown}
 v - a potion of degeneration {unknown}
 z - a potion of cancellation {unknown}
 A - a potion of mutation {unknown}
Books
 b - a book of Flames

   Spells                             Type                      Level
   a - Flame Tongue                   Conjuration/Fire             1
   b - Throw Flame                    Conjuration/Fire             2
   c - Conjure Flame                  Conjuration/Fire             3
   d - Inner Flame                    Hexes/Fire                   3
   e - Sticky Flame                   Conjuration/Fire             4
   f - Fireball                       Conjuration/Fire             5
Comestibles
 c - 6 bread rations
 d - 3 meat rations
 q - 2 slices of pizza
 u - 3 beef jerkies
 D - 5 chunks of flesh


   Skills:
 + Level 2.3 Fighting
 + Level 2.1 Staves
 + Level 4.5 Dodging
 + Level 3.2 Stealth
 + Level 0.7 Unarmed Combat
 + Level 5.9 Spellcasting
 + Level 6.0 Conjurations
 + Level 6.5 Fire Magic


You had 6 spell levels left.
You knew the following spells:

 Your Spells              Type           Power        Failure   Level  Hunger
a - Flame Tongue          Conj/Fire      ####.        1%          1    None
b - Throw Flame           Conj/Fire      ####..       1%          2    None
c - Sticky Flame          Conj/Fire      ####....     10%         4    ####...
d - Fireball              Conj/Fire      ####......   24%         5    #####..


Dungeon Overview and Level Annotations

Branches:
Dungeon (6/15)             Temple (1/1) D:4

Altars:
Ashenzari
Cheibriados
Elyvilon
Fedhas
Gozag
Nemelex Xobeh
Okawaru
Pakellas
Qazlal
Ru
Sif Muna
Trog
Yredelemnul
Zin
The Shining One

Annotations:
D:6 Edmund; dvd's ghost, novice OpVM


Innate Abilities, Weirdness & Mutations

You have a beak for a mouth.
You have claws for feet.
You can fly.


Message History

You feel sick. Dvd's ghost closely misses you.
You sock dvd's ghost!
Dvd's ghost convulses!
Dvd's ghost is almost destroyed.
You feel sick. Dvd's ghost closely misses you.
You closely miss dvd's ghost. Your peck misses dvd's ghost.
Dvd's ghost is almost destroyed.
You feel sick. Dvd's ghost hits you.
* * * LOW HITPOINT WARNING * * *
You closely miss dvd's ghost. You claw dvd's ghost.
Dvd's ghost is almost destroyed.
You feel sick. Dvd's ghost hits you.
* * * LOW HITPOINT WARNING * * *
x2 Drink which item? (? for menu, Esc to quit)
It was a potion of flight.
You feel very buoyant.
You swoop lightly up into the air.
* * * LOW HITPOINT WARNING * * *
You feel sick. Dvd's ghost hits you.
* * * LOW HITPOINT WARNING * * *
You die...

###.#.# ##.# ..##@
...)#.#####..###.#...
####.....#.....#...#
#.).......!<...#
#.............##
#..............###
#................(
##..........###W### #
#...........#.@...# #.#
##..........#.....#...#
#......(.............#
#.....#....#.>...#.##
#.#.#####(#.#.....# #
..#. .....###.### #
........ ....
#.....<.####.#.
#.......# .. #


You could see dvd's ghost.

Vanquished Creatures
  Grinder (D:5)
  Menkaure (D:4)
  3 phantoms
  A centaur (D:5)
  Blork the orc (D:5)
  2 giant frogs (D:6)
  A crimson imp (D:5)
  3 hounds
  2 orc wizards (D:5)
  Crazy Yiuf (D:4)
  A centaur skeleton (D:4)
  Ijyb (D:2)
  An iguana (D:5)
  5 worker ants
  Terence (D:2)
  A killer bee zombie (D:6)
  2 worker ant zombies
  Robin (D:2)
  A howler monkey skeleton (D:6)
  4 gnolls (D:6)
  7 adders
  A shadow imp (D:5)
  2 oozes
  A worm (D:2)
  A dart slug (D:1)
  2 giant geckos
  12 orcs
  2 ball pythons
  7 giant cockroaches
  19 goblins
  6 hobgoblins
  7 jackals
  3 kobolds
  2 quokkas
  6 bats
  6 giant newts
  A jackal skeleton (D:6)
  A quokka skeleton (D:5)
  11 rats
131 creatures vanquished.

Notes
Turn   | Place    | Note
--------------------------------------------------------------
     0 | D:1      | dvd the Tengu Fire Elementalist began the quest for the Orb.
     0 | D:1      | Reached XP level 1. HP: 10/10 MP: 4/4
   172 | D:1      | Reached XP level 2. HP: 15/15 MP: 4/6
   195 | D:1      | Learned a level 2 spell: Throw Flame
   485 | D:1      | Reached XP level 3. HP: 19/19 MP: 3/7
  1098 | D:2      | Noticed Terence
  1112 | D:2      | Killed Terence
  1112 | D:2      | Reached XP level 4. HP: 24/24 MP: 0/8
  1277 | D:2      | Noticed Ijyb
  1283 | D:2      | Killed Ijyb
  1495 | D:2      | Gained mutation: You can fly. [Tengu growth]
  1495 | D:2      | Reached XP level 5. HP: 28/28 MP: 1/10
  1782 | D:2      | Noticed Robin
  1867 | D:2      | Killed Robin
  2501 | D:3      | Found a blossoming altar of Fedhas.
  2644 | D:3      | Noticed a phantom
  2666 | D:3      | Killed a phantom
  2666 | D:3      | Reached skill level 1 in Fighting
  2666 | D:3      | Reached XP level 6. HP: 25/34 MP: 2/12
  2998 | D:3      | Found a glowing silver altar of Zin.
  3008 | D:3      | Found a stormy altar of Qazlal.
  3009 | D:3      | Found an iron altar of Okawaru.
  3010 | D:3      | Found a glowing golden altar of the Shining One.
  3010 | D:3      | Found an oddly glowing altar of Pakellas.
  3010 | D:3      | Found a deep blue altar of Sif Muna.
  3015 | D:3      | Found a shattered altar of Ashenzari.
  3371 | D:4      | Learned a level 4 spell: Sticky Flame
  3441 | D:4      | Reached skill level 5 in Fire Magic
  3622 | D:4      | Reached XP level 7. HP: 2/38 MP: 1/14
  3963 | D:4      | Found a staircase to the Ecumenical Temple.
  3974 | Temple   | Entered the Ecumenical Temple
  4125 | D:4      | Noticed Menkaure
  4128 | D:4      | Killed Menkaure
  4193 | D:4      | Noticed Crazy Yiuf
  4197 | D:4      | Killed Crazy Yiuf
  4450 | D:5      | Entered Level 5 of the Dungeon
  4608 | D:5      | Noticed Grinder
  4624 | D:5      | Killed Grinder
  4624 | D:5      | Reached skill level 5 in Spellcasting
  4624 | D:5      | Reached skill level 5 in Conjurations
  4624 | D:5      | Reached XP level 8. HP: 23/43 MP: 3/16
  4899 | D:5      | Learned a level 5 spell: Fireball
  6028 | D:6      | Noticed Blork the orc
  6038 | D:5      | Killed Blork the orc
  6038 | D:5      | Reached skill level 1 in Staves
  6570 | D:6      | Noticed dvd's ghost (novice OpVM)
  6577 | D:6      | Noticed Edmund
  6591 | D:6      | HP: 1/45 [dvd's ghost (5)]
  6591 | D:6      | Slain by dvd's ghost

Vault maps used:
D:1:      onia_arrival_larder
D:2:      kennysheep_goblin_castle, first_bread, uniq_iyjb, uniq_terence
D:3:      overflow_temple_1_default, grunt_temple_overflow_open
D:4:      minmay_temple_entry_grid, serial_bayou_lagoon_a,
          kennysheep_generic_room_16, uniq_menkaure, uniq_crazy_yiuf_cottage
D:5:      uniq_grinder
D:6:      grunt_temple_overflow_lords_of_destruction, marbit_many_paths,
          kennysheep_mini, st_stairs_3, minmay_small_thing, uniq_edmund,
          uniq_blork_the_orc, uniq_eustachio
Temple:   nicolae_temple_great_sept

Skill      XL: |  1  2  3  4  5  6  7  8 |
---------------+-------------------------+-----
Fire Magic     | 4 5 6 |  6.5
Conjurations   | 2 3 4 5 6 |  6.0
Spellcasting   | 3 4 5 |  5.9
Fighting       | 1 2 |  2.3
Dodging        | 3 4 |  4.5
Stealth        | 3 |  3.2
Staves         | 2 |  2.1
Unarmed Combat | |  0.7

Action                   |  1- 3 |  4- 6 |  7- 9 || total
-------------------------+-------+-------+-------++-------
Melee: Unarmed           |     7 |     7 |       ||    14
       Hand axe          |       |    19 |     4 ||    23
       Quarterstaff      |       |       |    66 ||    66
       Dire flail        |       |       |     7 ||     7
 Cast: Flame Tongue      |    33 |    93 |    35 ||   161
       Throw Flame       |    15 |    20 |    50 ||    85
       Sticky Flame      |       |     4 |     7 ||    11
  Use: Potion            |       |       |     1 ||     1
 Stab: Petrifying        |       |       |     2 ||     2
  Eat: Chunk             |     2 |    10 |     5 ||    17
       Meat ration       |       |       |     1 ||     1
